 Dungeon Crawl Stone Soup version 0.31.0-12-g77e489cdc1 (webtiles) character file.

Game seed: 4499173452740286544

190788 Ruich the Stormcaller (level 18, -13/106 HPs)
             Began as a Tengu Conjurer on Feb 29, 2024.
             Was the Champion of Hepliaklqana.
             Mangled by a merfolk
             ... wielding a +0 trident
              (14 damage)
             ... on level 1 of the Shoals.
             The game lasted 02:42:29 (53691 turns).

Ruich the Stormcaller (Tengu Conjurer)             Turns: 53691, Time: 02:42:30

Health: -13/106    AC: 12    Str: 13    XL:     18   Next: 62%
Magic:  26/43      EV: 19    Int: 24    God:    Hepliaklqana [******]
Gold:   2046       SH:  9    Dex: 14    Spells: 1/40 levels left

rFire   + . .        f - staff of conjuration {!a}
rCold   + . .        C - +0 kite shield
rNeg    . . .        V - +4 troll leather armour of Lust {rPois Regen+ MP+9}
rPois   +            O - +2 hat
rElec   .            Y - scarf "Zumol" {rC+ rF+, rCorr}
rCorr   +            k - +2 pair of gloves
SInv    .            (boots unavailable)
Will    ++++.        I - amulet of magic regeneration
Stlth   ++++         T - ring "Jickingutsi" {*Corrode rPois Will+++ Str+4 Stlth+}
HPRegen 1.17/turn    L - ring of wizardry
MPRegen 0.68/turn

%: corrode self (3%), acrobat, wizardry (x1)
@: flying
A: reduced essence, beak, talons 3, evasive flight, acrobatic
a: Renounce Religion, Recall Ancestor, Ancestor Identity, Transference, Idealise


You were on level 1 of the Shoals.
You worshipped Hepliaklqana.
Hepliaklqana was exalted by your worship.
You visited 6 branches of the dungeon, and saw 28 of its levels.
You also visited: Ossuary and Ice Cave.

You collected 3430 gold pieces.
You spent 1384 gold pieces at shops.


Innate Abilities, Weirdness & Mutations

Your life essence is reduced to manifest your ancestor. (-10% HP)
You have a beak for a mouth.
You have claws for feet.
Your magical flight helps you evade attacks. (EV +4)
You can magically evade attacks while moving or waiting.


   Skills:
 - Level 14.8 Fighting
 - Level 11.2 Dodging
 - Level 7.2 Stealth
 - Level 5.0 Shields
 - Level 11.5 Spellcasting
 - Level 12.5 Conjurations
 - Level 5.0 Translocations
 - Level 9.4 Fire Magic
 - Level 19.2 Air Magic
 - Level 8.0 Alchemy
 - Level 5.0 Invocations
 + Level 8.9 Shapeshifting


You had one spell level left.
You knew the following spells:

 Your Spells              Type           Power      Damage    Failure   Level
a - Arcjolt               Conj/Air       47%        1d57      1%          5
e - Airstrike             Air            41%        2d(6-22)  1%          4
f - Fulminant Prism       Conj/Alch      38%        3d17      1%          4
l - Summon Lightning Spi  Summ/Air       56%        N/A       1%          4
m - Maxwell's Capacitive  Air            41%        ∞         19%         8
o - Olgreb's Toxic Radia  Alch           51%        N/A       2%          4
p - Plasma Beam           Fire/Air       35%        2x1d48    3%          6
x - Iskenderun's Mystic   Conj/Tloc      70%        2d14      1%          4

Your spell library contained the following spells:

 Spells                   Type           Power      Damage    Failure   Level
 Magic Dart               Conj           100%       1d8       1%          1
 Sting                    Conj/Alch      100%       1d9       1%          1
 Mercury Vapours          Alch/Air       100%       N/A       1%          2
 Scorch                   Fire           100%       2d9       1%          2
 Searing Ray              Conj           100%       2d8       1%          2
 Static Discharge         Conj/Air       100%       3-8/arc   1%          2
 Flame Wave               Conj/Fire      79%        2d17      1%          4
 Sticky Flame             Fire/Alch      54%        2d10      1%          4
 Vhi's Electric Charge    Tloc/Air       100%       N/A       1%          4
 Inner Flame              Hex/Fire       36%        N/A       3%          3
 Passage of Golubria      Tloc           37%        N/A       10%         4
 Leda's Liquefaction      Alch/Erth      16%        N/A       14%         4
 Petrify                  Alch/Erth      33%        N/A       14%         4
 Frozen Ramparts          Ice            26%        1d4       22%         3
 Tukima's Dance           Hex            13%        N/A       22%         3
 Yara's Violent Unravell  Hex/Alch       16%        3d8       36%         5
 Animate Dead             Necr           13%        N/A       56%         4
 Summon Forest            Summ/Tloc      12%        N/A       56%         5
 Bombard                  Conj/Erth      30%        9d5       61%         6
 Borgnjor's Vile Clutch   Necr/Erth      6%         N/A       87%         5
 Lee's Rapid Deconstruct  Erth           6%         3d6*      87%         5
 Metabolic Englaciation   Hex/Ice        6%         N/A       87%         5
 Summon Mana Viper        Hex/Summ       13%        N/A       87%         5
 Sculpt Simulacrum        Ice/Alch       16%        N/A       89%         6
 Death Channel            Necr           6%         N/A       100%        6
 Summon Cactus Giant      Summ           6%         N/A       100%        6
 Ozocubu's Refrigeration  Ice            6%         4d8       100%        7
 Polar Vortex             Ice            6%         N/A       100%        9

Inventory:

Armour
 k - a +2 pair of gloves (worn)
 C - a +0 kite shield (worn)
 G - a +1 buckler of cold resistance
 O - a +2 hat (worn)
 U - the +0 robe of Hide-and-Seek {Harm rElec rF+ SInv}
   (You bought it in a shop on level 4 of the Dungeon)

   rF+:       It protects you from fire.
   rElec:     It insulates you from electricity.
   SInv:      It lets you see invisible.
   Harm:      It increases damage dealt and taken.
 V - the +4 troll leather armour of Lust (worn) {rPois Regen+ MP+9}
   (You bought it in a shop on level 4 of the Dungeon)

   rPois:     It protects you from poison MP+9: It affects your magic capacity
   (+9).
   Regen+:    It increases your rate of health regeneration.
 Y - the scarf "Zumol" (worn) {rC+ rF+, rCorr}
   (You found it on level 4 of the Spider Nest)

   rCorr:     It protects you from acid and corrosion.
Magical Staves
 f - a staff of conjuration (weapon) {!a}
Jewellery
 b - a ring of see invisible
 h - a ring of magical power
 i - a ring of wizardry
 m - a ring of positive energy
 q - a ring of protection from cold
 I - an amulet of magic regeneration (around neck)
 L - a ring of wizardry (right hand)
 P - a ring of willpower
 Q - a ring of ice
 T - the ring "Jickingutsi" (left hand) {*Corrode rPois Will+++ Str+4 Stlth+}
   (You found it in an ice cave)

   [ring of poison resistance]

   Str+4:     It affects your strength (+4).
   rPois:     It protects you from poison Will+++: It greatly increases your
   willpower.
   *Corrode:  It may corrode you when you take damage.
   Stlth+:    It makes you more stealthy.
Talismans
 N - a granite talisman
Wands
 n - a wand of flame (60)
 p - a wand of mindburst (4)
 y - a wand of charming (29)
 D - a wand of light (25)
 J - a wand of digging (12)
 M - a wand of polymorph (6)
 R - a wand of roots (9)
Scrolls
 a - 7 scrolls of immolation
 e - 10 scrolls of teleportation {@r2}
 g - 5 scrolls of silence {!r}
 o - 2 scrolls of fear
 z - 6 scrolls of revelation
 A - 4 scrolls of enchant weapon
 B - a scroll of blinking
 E - 4 scrolls of identify {@r1}
 F - 2 scrolls of vulnerability
 H - 2 scrolls of fog
 S - a scroll of enchant armour
Potions
 c - 8 potions of mutation
 d - 2 potions of brilliance
 j - 2 potions of heal wounds {@q2}
 l - 4 potions of enlightenment
 r - 3 potions of invisibility
 s - 12 potions of curing {@q1}
 t - 2 potions of cancellation
 u - 7 potions of lignification
 v - 10 potions of haste {@q3}
 w - 7 potions of ambrosia
 W - a potion of experience {unknown}
Miscellaneous
 x - a lightning rod (4/4)

Dungeon Overview and Level Annotations

Branches:
Dungeon (15/15)            Temple (1/1) D:4            Lair (5/5) D:8
 Shoals (1/4) Lair:2       Spider (4/4) Lair:3        Slime (0/5) Lair:5
    Orc (2/2) D:9             Elf (0/3) Orc:2        Vaults (0/5) D:13
 Depths (0/4) D:15        Ossuary (visited)           IceCv (visited)

Altars:
Ashenzari
Cheibriados
Dithmenos
Elyvilon
Fedhas
Gozag
Hepliaklqana
Kikubaaqudgha
Makhleb
Nemelex Xobeh
Okawaru
Qazlal
Ru
Sif Muna
Trog
Uskayaw
Vehumet
Wu Jian
Xom
Yredelemnul
Zin
The Shining One
Jiyva

Shops:
D:4 [   D:6 :   D:12 :   D:14 =(?   D:15 ( Orc:2

(?:*[
~~~~....[....≈≈
~~~~~....#.~..≈≈
~~≈≈≈~.."#.~~..~
~~≈≈≈≈~.........
~≈≈≈≈≈≈~.....>..
~≈≈≈≈≈≈~.......~
≈≈≈≈~~~~.....~..
≈≈≈≈~~m~........
≈≈≈≈≈≈≈@Ek###...
~~≈≈~≈≈R†.#
~~≈≈≈)8.mm#
≈~~≈~~..m<#
≈P~~~...........~
≈~~P~.)###...m...


PPPP... #......~ PPPP... ......~ ~P~~.## †.~~~., You could see the friendly
Xochipepe the knight, a wind drake (repels missiles, very poisoned), 3 merfolk,
a water elemental (ally target), a water nymph (poisoned) and a friendly
lightning spire (summoned).


Message History

Found a robe.
The sea snake looks even sicker.
The merfolk is poisoned.
The merfolk looks even sicker.
The wind drake flaps its wings at you. The air twists around and strikes you!!
Unknown command.
The sea snake looks even sicker.
The wind drake looks even sicker.
The merfolk looks even sicker.
The merfolk looks as sick as possible!
Your toxic aura wanes.
You block the merfolk's attack. The wind drake flaps its wings at you.
The air twists around and strikes you! The water elemental closely misses you.
The water nymph touches you. The water nymph drowns you!
The sea snake bites you!
* * * LOW HITPOINT WARNING * * *
Unknown command.
Unknown command.
Casting: Olgreb's Toxic Radiance (mildly dangerous; 2% risk of failure)
Confirm with . or Enter, or press ? or * to list all spells.
An electric hum fills the air.
* * * LOW HITPOINT WARNING * * *
Xochipepe hits the sea snake with a +0 broad axe of flaming!
Xochipepe burns the sea snake.
The sea snake dies!
Xochipepe closely misses the merfolk.
Xochipepe hits the water elemental with a +0 broad axe of flaming!
Xochipepe burns the water elemental.
You block the water elemental's attack.
The water nymph points at you and mumbles some strange words.
The water rises up and strikes you!!
* * * LOW HITPOINT WARNING * * *
You die...

Skill      XL: |  1  2  3  4  5  6  7  8  9 10 11 12 13 14 15 16 17 18 |
---------------+-------------------------------------------------------+-----
Conjurations   | 6 7 8 11 12 | 12.5
Spellcasting   | 3 4 5 7 8 9 10 11 | 11.5
Translocations | 1 2 4 5 |  5.0
Alchemy        | 2 4 6 8 |  8.0
Fighting       | 3 7 10 11 13 14 | 14.8
Shields        | 3 5 |  5.0
Stealth        | 4 5 7 |  7.2
Dodging        | 3 8 10 11 | 11.2
Invocations    | 3 5 |  5.0
Air Magic      | 3 11 15 17 19 | 19.2
Fire Magic     | 6 8 9 |  9.4
Shapeshifting  | 3 8 |  8.9

Action                     |  1- 3 |  4- 6 |  7- 9 | 10-12 | 13-15 | 16-18 || total
---------------------------+-------+-------+-------+-------+-------+-------++-------
  Melee: Mace              |       |       |     3 |       |       |       ||     3
         Kick              |       |       |     1 |       |       |       ||     1
         Peck              |       |       |     1 |       |       |       ||     1
   Cast: Magic Dart        |    57 |    79 |   146 |    82 |    77 |     2 ||   443
         Searing Ray       |     1 |     7 |    17 |     5 |       |       ||    30
         Fulminant Prism   |       |     3 |    21 |    57 |   129 |     9 ||   219
         Iskenderun's Myst |       |       |    11 |     9 |    94 |    21 ||   135
         Olgreb's Toxic Ra |       |       |    11 |   121 |   201 |    49 ||   382
         Arcjolt           |       |       |       |       |    38 |    22 ||    60
         Plasma Beam       |       |       |       |       |    76 |   365 ||   441
         Summon Lightning  |       |       |       |       |       |    10 ||    10
         Airstrike         |       |       |       |       |       |     5 ||     5
 Invoke: Recall Ancestor   |       |       |     1 |       |     1 |     5 ||     7
         Ancestor Life: Kn |       |       |     1 |       |       |       ||     1
  Evoke: Wand              |       |       |     3 |       |     7 |     3 ||    13
    Use: Scroll            |       |     9 |     4 |    14 |     8 |     8 ||    43
         Potion            |       |       |       |     1 |     2 |       ||     3
 Armour: Robe              |     1 |    13 |    37 |    12 |     2 |   117 ||   182
         Troll leather arm |       |       |       |     1 |   106 |     7 ||   114
  Dodge: Dodged            |     4 |    12 |   108 |    27 |   222 |   282 ||   655
  Block: Buckler           |       |       |       |     5 |    54 |    92 ||   151
         Kite shield       |       |       |       |       |       |     7 ||     7

Levels and vault maps discovered:
D:1:      dreamdust_arrival_beginning_and_end, layout_basic
D:2:      layout_basic, minmay_stone_trees_small, nrook_uturn
D:3:      layout_basic
D:4:      layout_rooms, nicolae_overflow_quartered_altars,
          minmay_temple_entry_grid, serial_shops, shop
D:5:      layout_loops_cross, enter_ossuary_3, uniq_ijyb, uniq_blork_the_orc,
          uniq_grinder
D:6:      layout_cave_pods, nicolae_gozag_seed_capital, nicolae_shop_vocational,
          uniq_edmund, uniq_maggie
D:7:      layout_gridville, nemelex_dance_club_becter
D:8:      layout_layer_cave, david_lair_shrubbed, gammafunk_ghost_grave
D:9:      layout_big_octagon, zin_angel, hiddenorc2_lemuel
D:10:     layout_roguey, ashenzari_altar_1
D:11:     layout_gridville, special_room [special_room_orc], uniq_snorg
D:12:     layout_rooms, portal_ice_cave_entry_pillars_1, nicolae_shop_self_help
D:13:     layout_basic, skrybe_vaults_entry_preservation, special_room
          [special_room_orc], nicolae_hepliaklqana_hazy_memory, uniq_kirke
D:14:     layout_loops_ring, serial_shops, shop, shop, nicolae_shop_crystal,
          minmay_puff
D:15:     grunt_enter_depths_snipers, layout_small_grid,
          ebering_dispersal_statue_hall, serial_shops, nicolae_shop_trees
Temple:   nicolae_temple_two_arcs
Lair:1:   layout_cave_pods
Lair:2:   layout_cave_pods, nicolae_shoals_entry_roost, st_stairs_11,
          serial_bayou_crossing
Lair:3:   layout_gridlike, nicolae_spider_entry_orb_guardian,
          nicolae_volcano_entry_batcave, serial_bayou_lagoon_a,
          grunt_forest_stairs_clearing
Lair:4:   layout_misc_corridors
Lair:5:   due_jungle_book, layout_long_grid, slime_entry_1,
          ebering_ghost_reflecting_pool
Shoals:1: layout_shoals, nicolae_shoals_mertower
Spider:1: layout_spider_delve, nicolae_spider_undead_wolf_pack
Spider:2: layout_cave_pods
Spider:3: nicolae_spider_broodchamber, uniq_arachne, uniq_roxanne
Spider:4: spider_rune_water, worms_lemuel, uniq_donald
Orc:1:    layout_caves, uniq_erica
Orc:2:    grunt_orc_tribal_feast, layout_caves, serial_shops, shop, uniq_urug,
          uniq_rupert

Notes
Turn   | Place    | Note
-------+----------+-------------------------------------------
     0 | D:1      | Ruich the Tengu Conjurer began the quest for the Orb.
     0 | D:1      | Reached XP level 1. HP: 10/10 MP: 4/4
   322 | D:1      | Reached XP level 2. HP: 15/15 MP: 4/6
   325 | D:1      | Learned a level 2 spell: Searing Ray
   974 | D:2      | Reached skill level 6 in Conjurations
   974 | D:2      | Reached XP level 3. HP: 19/19 MP: 7/7
  2202 | D:3      | Reached XP level 4. HP: 24/24 MP: 9/9
  2240 | D:3      | Learned a level 4 spell: Iskenderun's Mystic Blast
  2629 | D:2      | Reached skill level 3 in Spellcasting
  2911 | D:3      | Reached skill level 7 in Conjurations
  2911 | D:3      | Reached XP level 5. HP: 28/28 MP: 10/10
  3194 | D:3      | Reached skill level 1 in Translocations
  3964 | D:4      | Found Cegor's Armour Shop.
  4142 | D:4      | Reached XP level 6. HP: 32/32 MP: 12/12
  4252 | D:4      | Bought a +0 buckler for 58 gold pieces
  4258 | D:4      | Learned a level 4 spell: Fulminant Prism
  4318 | D:4      | Found a staircase to the Ecumenical Temple.
  4324 | D:4      | Found a hazy altar of Hepliaklqana.
  4351 | D:4      | Reached skill level 2 in Translocations
  4362 | Temple   | Entered the Ecumenical Temple
  4710 | D:4      | Became a worshipper of Hepliaklqana the Forgotten
  4782 | D:4      | Found an ancient bone altar of Kikubaaqudgha.
  4796 | D:4      | Found a radiant altar of Vehumet.
  4969 | D:4      | Found a shimmering altar of Xom.
  5024 | D:5      | Entered Level 5 of the Dungeon
  5062 | D:5      | Identified the +5 mace of the Sun {freeze, +Blink rN+ Will+
                  | Dex-3}
  5096 | D:5      | Noticed Grinder
  5120 | D:5      | Killed Grinder
  5121 | D:5      | Reached skill level 2 in Alchemy
  5121 | D:5      | Gained mutation: Your magical flight helps you evade
                  | attacks. (EV +4) [Tengu growth]
  5121 | D:5      | Reached XP level 7. HP: 20/36 MP: 6/13
  5222 | D:5      | Reached skill level 3 in Translocations
  5372 | D:5      | Noticed Ijyb
  5378 | D:5      | Killed Ijyb
  5390 | D:5      | Reached skill level 3 in Alchemy
  5604 | D:5      | Found a sand-covered staircase.
  5635 | Ossuary  | Entered an ossuary
  6834 | Ossuary  | Reached skill level 4 in Translocations
  6894 | Ossuary  | Reached skill level 4 in Alchemy
  6894 | Ossuary  | Reached XP level 8. HP: 41/41 MP: 11/14
  7684 | D:5      | Noticed Blork the orc
  7694 | D:5      | Killed Blork the orc
  7695 | D:5      | Reached skill level 5 in Alchemy
  7839 | D:5      | Reached * piety under Hepliaklqana
  8295 | D:6      | Noticed Maggie
  8384 | D:6      | Killed Maggie
  8385 | D:6      | Reached skill level 4 in Spellcasting
  8619 | D:6      | Reached skill level 6 in Alchemy
  8625 | D:6      | Reached XP level 9. HP: 26/40 MP: 3/17
  8821 | D:6      | Found an opulent altar of Gozag.
  8945 | D:6      | Noticed Edmund
  8949 | D:6      | Killed Edmund
  8950 | D:6      | Reached skill level 5 in Spellcasting
  8950 | D:6      | Reached skill level 5 in Translocations
  9014 | D:6      | Learned a level 4 spell: Olgreb's Toxic Radiance
  9252 | D:6      | Found Epsoaf's Vocational Training.
  9269 | D:6      | Reached skill level 8 in Conjurations
  9591 | D:7      | Identified the +3 rapier of Maozafom {flame, rF+ rC- Str+4
                  | Stlth+}
  9612 | D:7      | Reached skill level 7 in Alchemy
 10023 | D:7      | Found a sparkling altar of Nemelex Xobeh.
 10207 | D:7      | You are sucked into a shaft and drop 3 floors!
 10207 | D:10     | Entered Level 10 of the Dungeon
 10432 | D:9      | Reached skill level 8 in Alchemy
 10470 | D:10     | Reached skill level 1 in Fighting
 10470 | D:10     | Reached skill level 1 in Shields
 10711 | D:10     | Reached ** piety under Hepliaklqana
 10711 | D:10     | Found a broken altar of Ashenzari.
 10816 | D:10     | Remembered your ancestor Xochipepe as a knight
 10897 | D:10     | Noticed a kobold demonologist
 10897 | D:10     | Noticed a kobold demonologist
 10900 | D:10     | Killed a kobold demonologist
 10900 | D:10     | Killed a kobold demonologist
 10901 | D:10     | Reached skill level 3 in Fighting
 10901 | D:10     | Reached skill level 4 in Stealth
 10901 | D:10     | Reached skill level 3 in Shields
 10901 | D:10     | Reached XP level 10. HP: 45/50 MP: 18/18
 11334 | D:9      | Reached skill level 4 in Fighting
 11351 | D:9      | Reached skill level 5 in Stealth
 11351 | D:9      | Reached skill level 4 in Shields
 11957 | D:8      | Found a runed translucent door.
 11960 | D:8      | Noticed WickWood's ghost (novice OpCj)
 12051 | D:8      | Reached skill level 5 in Fighting
 12172 | D:7      | Reached skill level 5 in Shields
 12791 | D:7      | Reached skill level 6 in Fighting
 13170 | D:7      | Reached skill level 7 in Fighting
 13972 | D:8      | Found a staircase to the Lair.
 14413 | D:8      | Reached skill level 3 in Dodging
 14421 | D:8      | Reached XP level 11. HP: 60/60 MP: 19/19
 14892 | D:8      | Killed WickWood's ghost
 14893 | D:8      | Reached skill level 4 in Dodging
 15062 | D:9      | Reached skill level 8 in Fighting
 15156 | D:9      | Noticed a sun demon
 15225 | D:9      | Reached *** piety under Hepliaklqana
 15410 | D:9      | Found a staircase to the Orcish Mines.
 15628 | D:9      | Reached skill level 5 in Dodging
 16165 | D:9      | Found a glowing silver altar of Zin.
 16165 | D:9      | Noticed an angel
 16642 | D:10     | Reached skill level 6 in Dodging
 16644 | D:10     | Reached skill level 9 in Fighting
 16911 | D:10     | Reached skill level 7 in Dodging
 17562 | D:11     | Noticed a two-headed ogre
 17567 | D:11     | Killed a two-headed ogre
 17568 | D:11     | Reached skill level 10 in Fighting
 17568 | D:11     | Reached skill level 8 in Dodging
 17773 | D:11     | Noticed a boulder beetle
 17783 | D:11     | Noticed a two-headed ogre
 17784 | D:11     | Killed a boulder beetle
 17785 | D:11     | Reached XP level 12. HP: 69/69 MP: 10/20
 17790 | D:11     | Noticed a two-headed ogre
 17790 | D:11     | Killed a two-headed ogre
 17801 | D:11     | Killed a two-headed ogre
 18008 | D:11     | Reached skill level 9 in Conjurations
 18277 | D:11     | Reached **** piety under Hepliaklqana
 18285 | D:11     | Noticed a two-headed ogre
 18293 | D:11     | Killed a two-headed ogre
 18358 | D:11     | Reached skill level 6 in Spellcasting
 18857 | D:11     | Reached skill level 9 in Dodging
 19245 | D:11     | Noticed Snorg
 19255 | D:11     | Killed Snorg
 19720 | Lair:1   | Entered Level 1 of the Lair of Beasts
 19745 | Lair:1   | Noticed a boulder beetle
 19875 | Lair:1   | Killed a boulder beetle
 19876 | Lair:1   | Reached skill level 10 in Conjurations
 20371 | Lair:1   | Reached skill level 7 in Spellcasting
 20372 | Lair:1   | Reached skill level 10 in Dodging
 20814 | D:4      | Bought the +4 troll leather armour of Lust {rPois Regen+
                  | MP+9} for 846 gold pieces
 21647 | Lair:2   | Reached skill level 11 in Conjurations
 21879 | Lair:2   | Reached ***** piety under Hepliaklqana
 21944 | Lair:2   | Reached XP level 13. HP: 60/73 MP: 25/25
 23154 | Lair:2   | Reached skill level 6 in Stealth
 23289 | Lair:2   | Found a staircase to the Shoals.
 23459 | Lair:2   | Identified the +0 leather armour of the Nightingale {Will+
                  | Dex+4}
 23565 | Lair:3   | Reached skill level 8 in Spellcasting
 23853 | Lair:3   | Reached skill level 12 in Conjurations
 24590 | Lair:3   | Found a hole to the Spider Nest.
 24597 | Lair:3   | Reached skill level 11 in Dodging
 24849 | Lair:3   | Reached skill level 7 in Stealth
 24937 | Lair:3   | Reached skill level 1 in Invocations
 24959 | Lair:3   | Reached skill level 11 in Fighting
 25394 | Lair:3   | Learned a level 5 spell: Arcjolt
 25631 | Lair:3   | Reached skill level 1 in Air Magic
 25634 | Lair:3   | Reached skill level 2 in Invocations
 25963 | Lair:4   | Reached skill level 2 in Air Magic
 26194 | Lair:4   | Reached skill level 3 in Air Magic
 26254 | Lair:4   | Reached skill level 3 in Invocations
 26254 | Lair:4   | Reached XP level 14. HP: 78/81 MP: 15/27
 26632 | Lair:4   | Reached skill level 4 in Air Magic
 26890 | Lair:4   | Identified the +0 chain mail "Goust" {rCorr Int+3}
 26996 | Lair:4   | Reached skill level 5 in Air Magic
 27000 | Lair:4   | Reached skill level 4 in Invocations
 27582 | Lair:5   | Entered Level 5 of the Lair of Beasts
 27596 | Lair:5   | Reached skill level 6 in Air Magic
 28151 | Lair:5   | Got Sif Muna's Omnibus of Snow and Clay
 28177 | Lair:5   | Reached skill level 5 in Invocations
 28190 | Lair:5   | Reached skill level 7 in Air Magic
 28276 | Lair:5   | Found a runed translucent door.
 28428 | Lair:5   | Reached skill level 8 in Air Magic
 28524 | Lair:5   | Reached skill level 9 in Air Magic
 29000 | Lair:5   | Found a viscous altar of Jiyva.
 29001 | Lair:5   | Found a staircase to the Slime Pits.
 29065 | Lair:5   | Reached skill level 10 in Air Magic
 29352 | Lair:5   | Noticed toastdancer's ghost (journeyman GnHW)
 29573 | Lair:5   | Learned a level 6 spell: Plasma Beam
 29612 | Lair:5   | Noticed a dire elephant
 29612 | Lair:5   | Noticed a dire elephant
 29640 | Lair:5   | Reached skill level 1 in Fire Magic
 29650 | Lair:5   | Noticed a dire elephant
 29662 | Lair:5   | Killed a dire elephant
 29664 | Lair:5   | Noticed a dire elephant
 29707 | Lair:5   | Killed a dire elephant
 29708 | Lair:5   | Reached skill level 2 in Fire Magic
 29708 | Lair:5   | Reached skill level 11 in Air Magic
 29807 | Lair:5   | Reached skill level 3 in Fire Magic
 29964 | Lair:5   | Reached ****** piety under Hepliaklqana
 29995 | Lair:5   | Reached skill level 4 in Fire Magic
 30279 | Lair:5   | Reached skill level 5 in Fire Magic
 30767 | Lair:5   | Killed a dire elephant
 30768 | Lair:5   | Reached skill level 6 in Fire Magic
 30768 | Lair:5   | Reached XP level 15. HP: 72/84 MP: 28/28
 30860 | Lair:5   | Reached skill level 12 in Air Magic
 31094 | Lair:5   | Killed toastdancer's ghost
 31349 | Orc:1    | Entered Level 1 of the Orcish Mines
 31368 | Orc:1    | Reached skill level 7 in Fire Magic
 31556 | Orc:1    | Noticed Erica
 31564 | Orc:1    | Killed Erica
 31843 | Orc:2    | Entered Level 2 of the Orcish Mines
 32303 | Orc:2    | Found Lufri's Antique Armour Shop.
 32306 | Orc:2    | Reached skill level 8 in Fire Magic
 32379 | Orc:2    | Noticed Rupert
 32389 | Orc:2    | Killed Rupert
 32390 | Orc:2    | Reached skill level 13 in Air Magic
 32448 | Orc:2    | Noticed Urug
 32455 | Orc:2    | Killed Urug
 32735 | Orc:2    | Found a staircase to the Elven Halls.
 33105 | Orc:2    | Reached skill level 14 in Air Magic
 33200 | Orc:2    | Found Suint's Book Boutique.
 33200 | Orc:2    | Found Ampyexud's Assorted Antiques.
 33203 | Orc:2    | Found Otaomeis's Antique Weapon Boutique.
 33203 | Orc:2    | Found Vieckoh's Magic Scroll Emporium.
 33637 | D:12     | Found Giliv's Self-Improvement Boutique.
 33729 | D:12     | Found a frozen archway.
 33738 | IceCv    | Entered an ice cave
 34101 | IceCv    | Identified the ring "Jickingutsi" {*Corrode rPois Will+++
                  | Str+4 Stlth+}
 34274 | Orc:2    | Bought an embroidered scarf for 144 gold pieces
 34446 | D:4      | Bought the +0 robe of Hide-and-Seek {Harm rElec rF+ SInv}
                  | for 336 gold pieces
 34464 | D:4      | Identified a scroll of acquirement
 34464 | D:4      | Acquired 349 gold pieces
 34814 | D:12     | Reached skill level 15 in Air Magic
 35420 | D:13     | Reached skill level 9 in Spellcasting
 35443 | D:13     | Found a hazy altar of Hepliaklqana.
 35809 | D:13     | Noticed Kirke
 35823 | D:13     | Killed Kirke
 36207 | D:13     | Reached XP level 16. HP: 90/90 MP: 13/30
 36559 | D:13     | Found a gate to the Vaults.
 36979 | D:14     | Found Jano's Jewellery Boutique.
 37075 | D:14     | Reached skill level 12 in Fighting
 37456 | D:14     | Found Pah Nok's Antique Weapon Boutique.
 37594 | D:14     | Found Veigal's Magic Scroll Shoppe.
 38013 | D:15     | Entered Level 15 of the Dungeon
 38043 | D:15     | Reached skill level 16 in Air Magic
 38084 | D:15     | Found Dingiw's Antique Weapon Shop.
 38256 | D:15     | Reached skill level 10 in Spellcasting
 38313 | D:15     | Found a staircase to the Depths.
 38773 | D:15     | Reached skill level 9 in Fire Magic
 39979 | Spider:1 | Entered Level 1 of the Spider Nest
 40150 | Spider:1 | Reached skill level 13 in Fighting
 40158 | Lair:3   | Reached skill level 17 in Air Magic
 41039 | Spider:1 | Learned a level 4 spell: Airstrike
 41044 | Spider:1 | Learned a level 4 spell: Summon Lightning Spire
 41289 | Spider:1 | Reached XP level 17. HP: 56/99 MP: 2/32
 41598 | Spider:1 | Reached skill level 18 in Air Magic
 42450 | Spider:2 | Reached skill level 14 in Fighting
 44868 | Spider:3 | Reached skill level 19 in Air Magic
 44998 | Spider:3 | Noticed Arachne
 45004 | Spider:3 | Killed Arachne
 45005 | Spider:3 | Reached skill level 11 in Spellcasting
 45214 | Spider:3 | Noticed Roxanne
 45317 | Spider:3 | Killed Roxanne
 45691 | Spider:3 | Identified the +10 ring mail "Afith" {MP+9 Stlth+}
 45835 | Spider:3 | Learned a level 8 spell: Maxwell's Capacitive Coupling
 45855 | Spider:3 | Reached skill level 1 in Shapeshifting
 45862 | Spider:3 | Reached skill level 2 in Shapeshifting
 46239 | Spider:4 | Entered Level 4 of the Spider Nest
 46239 | Spider:4 | Noticed Donald
 46489 | Spider:4 | Reached skill level 3 in Shapeshifting
 46650 | Spider:3 | Reached XP level 18. HP: 88/106 MP: 29/34
 46826 | Spider:4 | Reached skill level 4 in Shapeshifting
 47146 | Spider:4 | Reached skill level 5 in Shapeshifting
 47929 | Spider:4 | Reached skill level 6 in Shapeshifting
 48983 | Spider:4 | Reached skill level 7 in Shapeshifting
 48983 | Spider:4 | Killed Donald
 50507 | Spider:4 | Found the +7 mace of Variability {chaos, chaos arc}
 51226 | Spider:4 | Reached skill level 8 in Shapeshifting
 52492 | Spider:4 | Identified the +2 hat of the Leaf {MP-9 Str+7 Slay+3}
 52509 | Spider:4 | Identified the scarf "Zumol" {rC+ rF+, rCorr}
 53503 | Shoals:1 | Entered Level 1 of the Shoals
 53691 | Shoals:1 | HP: 1/106 [water nymph/the raging water (30)]
 53691 | Shoals:1 | Mangled by a merfolk

Vanquished Creatures
  Arachne (Spider:3)
  Rupert (Orc:2)
  Donald (Spider:4)
  Roxanne (Spider:3)
  An emperor scorpion (Spider:4)
  4 ghost moths
  2 broodmothers (Spider:3)
  An ironbound preserver (D:13)
  The ghost of toastdancer the Thaumaturge, a journeyman GnHW of the Shining One (Lair:5)
  A stone giant (D:15)
  3 dire elephants (Lair:5)
  Snorg (D:11)
  3 spark wasps
  5 entropy weavers
  7 hydras
  A merfolk avatar (Shoals:1)
  A catoblepas (D:13)
  3 ogre magi
  A death knight (D:13)
  3 centaur warriors
  2 radroaches (Spider:3)
  7 boulder beetles
  Erica (Orc:1)
  13 two-headed ogres
  A death yak (Lair:5)
  2 tengu warriors (D:15)
  8 demonic crawlers
  Urug (Orc:2)
  4 orc high priests (Orc:2)
  A spectral dire elephant (Lair:5)
  A skyshark (Lair:5)
  A spectral death yak (Lair:5)
  A spectral anaconda (Lair:5)
  The ghost of WickWood the Conjurer, a novice OpCj of Gozag (D:8)
  An obsidian statue (Lair:5)
  9 pharaoh ants
  12 orb spiders
  A sun moth (Spider:2)
  3 spectral wolf spiders (Spider:1)
  4 harpies (Lair:2)
  3 wolf spider zombies (Spider:1)
  3 necromancers (Lair:5)
  4 steelbarb worms
  4 orc sorcerers (Orc:2)
  An oklob plant (Lair:3)
  13 ugly things
  4 orc knights
  6 deep elf pyromancers
  23 wolf spiders
  3 manticores
  4 cyclopes
  6 meliai
  A merfolk siren (Shoals:1)
  4 moths of wrath
  13 elephants
  3 black mambas (Lair:2)
  3 ice statues (IceCv)
  A dire elephant zombie (Lair:5)
  A kobold blastminer (Orc:1)
  6 torpor snails
  9 cane toads
  An unseen horror (D:11)
  Maggie (D:6)
  5 kobold demonologists
  3 rime drakes
  3 trolls
  6 komodo dragons
  2 polar bears
  6 hornets (Spider:4)
  A wolf spider simulacrum (Spider:1)
  39 tarantellas
  Grinder (D:5)
  15 blink frogs
  A jumping spider (shapeshifter) (D:15)
  4 dream sheep (Lair:5)
  14 slime creatures
  A spriggan (Lair:3)
  19 jumping spiders
  18 culicivoras
  43 yaks
  3 wyverns
  3 fire bats (Lair:3)
  A wyvern (shapeshifter) (D:14)
  A yak (shapeshifter) (D:15)
  6 basilisks
  2 hogs (D:13)
  51 redbacks
  A steam dragon (D:8)
  4 spectral cane toads (Lair:5)
  Edmund (D:6)
  An acid dragon (D:12)
  9 water moccasins
  An elephant zombie (Lair:5)
  2 ice beasts (D:5)
  21 orc warriors
  4 black bears
  3 laughing skulls
  A tengu (shapeshifter) (D:14)
  6 ogres
  22 wolves
  5 centaurs
  Blork the orc (D:5)
  3 kobold brigands
  An elf zombie (Ossuary)
  9 bullfrogs
  4 cane toad simulacra
  A scorpion (D:4)
  20 wights
  An elephant simulacrum (Lair:5)
  20 killer bees
  4 howler monkeys
  5 electric eels
  2 hounds
  A bombardier beetle (D:3)
  2 centaur zombies (Ossuary)
  A gnoll bouda (D:4)
  20 orc priests
  A sleepcap (D:7)
  2 iguanas
  20 orc wizards
  A hell rat (Lair:2)
  Ijyb (D:5)
  3 ogre zombies (Ossuary)
  7 mummies (Ossuary)
  10 gnolls
  3 adders
  A shadow imp (D:8)
  2 white imps
  2 ufetubi (D:6)
  3 adder zombies (Ossuary)
  123 orcs
  5 endoplasms
  2 giant cockroaches (D:3)
  A gnoll zombie (Ossuary)
  6 hobgoblins
  3 jackals (D:3)
  22 kobolds
  7 quokkas
  4 ball pythons
  6 bats
  A frilled lizard (D:3)
  5 goblins
  6 goblin zombies (Ossuary)
  4 hobgoblin zombies (Ossuary)
  A jackal zombie (D:5)
  3 kobold zombies (Ossuary)
  An orc zombie (D:5)
  3 quokka zombies (Ossuary)
  6 rats
  4 rat zombies (Ossuary)
  2 fulminant prisms (Lair:5)
928 creatures vanquished.

Vanquished Creatures (collateral kills)
  Kirke (D:13)
  A ghost moth (Spider:4)
  2 broodmothers (Spider:3)
  A dire elephant (Lair:5)
  A hydra (Lair:4)
  A radroach (Spider:3)
  A catoblepas (Lair:3)
  2 jorogumos
  A two-headed ogre (D:15)
  2 demonic crawlers (Spider:4)
  A skyshark (Lair:5)
  A sea snake (Shoals:1)
  3 pharaoh ants
  A sun moth (Spider:4)
  An orb spider (Lair:3)
  3 orc knights
  2 spectral wolf spiders (Spider:1)
  5 wolf spiders
  3 wolf spider zombies (Spider:1)
  2 ugly things
  2 kobold blastminers
  A black mamba (Lair:5)
  A dire elephant zombie (Lair:5)
  2 torpor snails
  8 elephants
  A cane toad (shapeshifter) (D:15)
  3 komodo dragons
  4 cane toads
  3 trolls
  A merfolk (Shoals:1)
  2 polar bears (Lair:3)
  4 tarantellas
  A hornet (Spider:4)
  2 blink frogs
  A spectral elephant (Lair:5)
  A dream sheep (Lair:5)
  7 slime creatures
  4 jumping spiders
  4 culicivoras
  A dire elephant simulacrum (IceCv)
  13 yaks
  A basilisk (Lair:2)
  15 redbacks
  A vampire mosquito (D:13)
  A harpy simulacrum (IceCv)
  2 water moccasins
  8 orc warriors
  A laughing skull (D:14)
  3 ogres
  A sky beast (D:7)
  5 wolves
  2 bullfrogs
  A cane toad simulacrum (IceCv)
  A wight (D:10)
  An elephant simulacrum (IceCv)
  A killer bee (D:11)
  2 howler monkeys
  3 orc priests
  A sleepcap (D:8)
  An iguana (D:6)
  8 orc wizards
  A gnoll (D:6)
  17 orcs
178 creatures vanquished.

Vanquished Creatures (others)
  A human (D:13)
  2 orc priests (Orc:2)
  19 knights
  An orc wizard (Orc:2)
  An ancestor (D:6)
  A gnoll (D:6)
  2 orcs (Orc:2)
  217 fulminant prisms
244 creatures vanquished.

Grand Total: 1350 creatures vanquished

Table legend: (Time is in decaauts)
 A = Elapsed time spent in this place.
 B = Non-inter-level travel time spent in this place.
 C = Inter-level travel time spent in this place.
 D = Time resting spent in this place.
 E = Time spent auto-exploring this place.
 F = Levels seen in this place.
 G = Mean time per level.
                   A        B        C        D        E       F      G
               +--------+--------+--------+--------+--------+-----+--------+
         Total |  53780 |  50358 |   3422 |  27518 |  15284 |  30 | 1792.7 |
       Dungeon |  24008 |  22236 |   1772 |  10688 |   8672 |  15 | 1600.5 |
        Temple |    334 |    334 |      0 |    258 |      0 |   1 |  334.0 |
          Lair |  12448 |  11782 |    666 |   6436 |   3285 |   5 | 2489.6 |
        Shoals |     27 |     27 |      0 |      4 |      0 |   1 |   27.0 |
   Spider Nest |  12355 |  11591 |    764 |   7547 |   2615 |   4 | 3088.8 |
  Orcish Mines |   2259 |   2042 |    217 |    877 |    607 |   2 | 1129.5 |
       Ossuary |   1944 |   1944 |      0 |   1472 |    105 |   1 | 1944.0 |
      Ice Cave |    402 |    402 |      0 |    236 |      0 |   1 |  402.0 |
               +--------+--------+--------+--------+--------+-----+--------+

Top non-repeatable levels by time:
Spider:3: 5487 daAuts
  Lair:5: 3339 daAuts
Spider:4: 3283 daAuts
  Lair:3: 2916 daAuts
  Lair:2: 2674 daAuts
    D:11: 2332 daAuts
Spider:2: 2313 daAuts
     D:8: 2302 daAuts
    D:10: 2269 daAuts
     D:9: 2140 daAuts
     D:7: 2071 daAuts
 Ossuary: 1944 daAuts
  Lair:4: 1840 daAuts
     D:3: 1719 daAuts
  Lair:1: 1678 daAuts

Table legend:
 A = Non-vault XP
 B = Vault XP
 C = Vault XP percentage of total XP
 D = Non-vault monster count
 E = Vault monster count
 F = Vault count percentage of total count
                 A         B        C        D         E       F
            +---------+---------+-------+---------+---------+-------
      Total |  193837 |   96385 |  33.2 |     792 |     313 |  28.3
            +---------+---------+-------+---------+---------+-------
        D:1 |      18 |       0 |   0.0 |      13 |       0 |   0.0
        D:2 |      59 |       0 |   0.0 |      17 |       0 |   0.0
        D:3 |     151 |       0 |   0.0 |      25 |       0 |   0.0
        D:4 |     185 |       0 |   0.0 |      16 |       0 |   0.0
        D:5 |     349 |     393 |  53.0 |       5 |       5 |  50.0
        D:6 |     906 |     532 |  37.0 |      23 |       2 |   8.0
        D:7 |    1875 |     124 |   6.2 |      31 |       2 |   6.1
        D:8 |     661 |    1105 |  62.6 |      16 |       3 |  15.8
        D:9 |    3368 |     486 |  12.6 |      42 |      32 |  43.2
       D:10 |    6030 |       0 |   0.0 |      48 |       0 |   0.0
       D:11 |    5701 |    1644 |  22.4 |      26 |      28 |  51.9
       D:12 |    4327 |       0 |   0.0 |      13 |       0 |   0.0
       D:13 |    7223 |    7230 |  50.0 |      12 |      32 |  72.7
       D:14 |    7887 |     318 |   3.9 |      17 |       2 |  10.5
       D:15 |   18988 |    2689 |  12.4 |      40 |       3 |   7.0
     Temple |       2 |       0 |   0.0 |       1 |       0 |   0.0
     Lair:1 |    5864 |       0 |   0.0 |      22 |       0 |   0.0
     Lair:2 |    4772 |    3269 |  40.7 |      22 |       7 |  24.1
     Lair:3 |   14664 |    2250 |  13.3 |      49 |      10 |  16.9
     Lair:4 |    8127 |       0 |   0.0 |      31 |       0 |   0.0
     Lair:5 |   14514 |   16697 |  53.5 |      40 |      31 |  43.7
   Shoals:1 |    2901 |       0 |   0.0 |       5 |       0 |   0.0
   Spider:1 |   12455 |    9838 |  44.1 |      42 |      17 |  28.8
   Spider:2 |   17469 |       0 |   0.0 |      41 |       0 |   0.0
   Spider:3 |   27259 |   14213 |  34.3 |      58 |      17 |  22.7
   Spider:4 |   20260 |   21011 |  50.9 |      61 |      44 |  41.9
      Orc:1 |    3803 |     823 |  17.8 |      36 |       1 |   2.7
      Orc:2 |    4019 |   10111 |  71.6 |      40 |      28 |  41.2
    Ossuary |       0 |     421 | 100.0 |       0 |      37 | 100.0
      IceCv |       0 |    3231 | 100.0 |       0 |      12 | 100.0
            +---------+---------+-------+---------+---------+-------
